 Dungeon Sprint DCSS version 0.21.1-1-g345015f (webtiles) character file.

42838 wilfster70 the Warrior (level 14, -2/107 HPs)
             Began as a Gargoyle Monk on Apr 26, 2018.
             Was the Champion of Makhleb.
             Slain by an ice dragon (illusionary) (3 damage)
             ... in the Dungeon (Sprint IX: "|||||||||||||||||||||||||||||") on May 1, 2018.
             The game lasted 00:19:42 (3461 turns).

wilfster70 the Warrior (Gargoyle Monk)              Turns: 3461, Time: 00:19:43

Health: -2/107     AC: 38    Str: 19    XL:     14   Next: 21%
Magic:  22/30      EV: 13    Int: 12    God:    Makhleb [******]
Gold:   1075       SH:  0    Dex: 15    Spells: 30/37 levels left

rFire    . . .     SeeInvis .   a - +8 quarterstaff (speed)
rCold    + + .     Gourm    .   (shield currently unavailable)
rNeg     + . .     Faith    .   B - +2 plate armour {rC+}
rPois    ∞         Spirit   .   r - +1 helmet
rElec    +         Reflect  .   q - scarf {cloud immunity}
rCorr    .         Harm     .   v - +1 pair of gloves {Dex+3}
MR       +....     NoTele   +   x - +0 pair of boots
Stlth    ..........             (no amulet)
HPRegen  0.27/turn              C - ring of protection from cold
MPRegen  0.22/turn              p - +2 ring of protection

@: very slightly contaminated
A: big wings, negative energy resistance 1, electricity resistance, unbreathing,
petrification resistance, rot immunity, AC +10
a: Fly, Minor Destruction, Lesser Servant of Makhleb, Major Destruction, Greater
Servant of Makhleb, Renounce Religion


You were in the Dungeon.
You worshipped Makhleb.
Makhleb was exalted by your worship.
You were very hungry.

You visited 1 branch You collected 1818 gold pieces.
You spent 743 gold pieces at shops.

Inventory:

Hand Weapons
 a - a +8 quarterstaff of speed (weapon)
 n - a +0 mace
Armour
 q - a scarf of cloud immunity (worn)
 r - a +1 helmet (worn)
 s - a +2 cloak
 v - a +1 pair of gloves of dexterity (worn)
 x - a +0 pair of boots (worn)
 B - a +2 plate armour of cold resistance (worn)
Magical Staves
 b - an uncursed staff of energy
Jewellery
 o - a +3 ring of strength
 p - a +2 ring of protection (right hand)
 w - the ring "Gym Wutism" {rF+ MP+9}
   (You found it in the Dungeon)

   [ring of magical power]

   It protects you from fire.
   It affects your magic capacity (+9).
 C - a ring of protection from cold (left hand)
Wands
 m - a wand of iceblast (10)
Scrolls
 i - 2 scrolls of blinking
 k - 4 scrolls of remove curse
 l - 2 scrolls of amnesia
 y - 2 scrolls of identify
 z - a scroll of fear
 G - 2 scrolls of fog
Potions
 d - 9 potions of curing
 e - 5 potions of heal wounds
 f - a potion of haste
 g - 4 potions of magic
 h - a potion of invisibility
 t - 2 potions of berserk rage
 u - a potion of resistance
 E - a potion of agility
Books
 A - a book of Flames

   Spells                             Type                      Level
   a - Flame Tongue                   Conjuration/Fire             1
   b - Throw Flame                    Conjuration/Fire             2
   c - Conjure Flame                  Conjuration/Fire             3
   d - Inner Flame                    Hexes/Fire                   3
   e - Sticky Flame                   Conjuration/Fire             4
   f - Fireball                       Conjuration/Fire             5
Comestibles
 c - 12 rations


   Skills:
 + Level 19.9 Fighting
 - Level 6.0(10.8) Maces & Flails
 - Level 13.7(14.1) Staves
 - Level 15.3 Armour
 - Level 12.5 Dodging
 - Level 2.1 Stealth
 + Level 12.1 Spellcasting
 + Level 14.0 Conjurations
 + Level 13.0 Fire Magic


You had 30 spell levels left.
You knew the following spells:

 Your Spells              Type           Power        Failure   Level  Hunger
a - Conjure Flame         Conj/Fire      #####...     1%          3    #......
b - Sticky Flame          Conj/Fire      #####...     4%          4    ###....


Dungeon Overview and Level Annotations

Branches:
Dungeon (1/1)

Altars:
Cheibriados
Dithmenos
Elyvilon
Fedhas
Gozag
Hepliaklqana
Kikubaaqudgha
Makhleb
Nemelex Xobeh
Okawaru
Qazlal
Ru
Sif Muna
Trog
Uskayaw
Vehumet
Wu Jian
Xom
Yredelemnul
Zin
The Shining One
Beogh
Jiyva
Lugonu

Shops:
D (:[[


Innate Abilities, Weirdness & Mutations

You are resistant to torment.
Your stone body is resilient. (AC +10)
You are immune to poison.
Your large and strong wings let you fly indefinitely.
You resist negative energy. (rN+)
You are resistant to electric shocks. (rElec)
You can survive without breathing.
You are immune to petrification.
You are immune to rotting.


Message History

The rakshasa is moderately wounded.
The ice dragon bites you.
* * * LOW HITPOINT WARNING * * *
The ice dragon misses you.
The ice dragon tramples you but does no damage.
The rakshasa weaves an illusion.
You hit the rakshasa.
The rakshasa is heavily wounded.
You closely miss the rakshasa.
The rakshasa is heavily wounded.
The spriggan air mage waves its arms in wide circles.
The air twists around and strikes you!
* * * LOW HITPOINT WARNING * * *
The spriggan air mage waves its arms in wide circles.
The air twists around and strikes you!
* * * LOW HITPOINT WARNING * * *
You closely miss the rakshasa.
The rakshasa is heavily wounded.
The ice dragon bites you.
You die...

▓.▓.▓.▓.▓.▓.▓.▓.▓'
▓.▓.▓.▓.▓.▓.▓.▓.▓.
▓.▓.▓.▓.▓'▓.▓.▓.▓.
▓.▓.▓.▓.▓=▓.▓.▓.▓.
▓.▓.▓.▓.▓=▓.▓.▓.▓.
▓.▓.▓†▓.▓.▓.▓.▓.▓.
▓.▓.▓.▓.▓.▓.▓'▓.▓.
▓R▓.▓.▓.▓.▓.▓)▓.▓.
▓@▓.▓†▓.▓)▓.▓)▓.▓(
▓D▓.▓.▓.▓)▓.▓)▓.▓†
▓S▓.▓†▓.▓)▓.▓)▓.▓†
▓R▓.▓.▓.▓)▓.▓)▓.▓.
▓i▓.▓.▓.▓)▓.▓)▓.▓.
▓i▓.▓.▓.▓)▓.▓)▓.▓.
▓i▓.▓.▓.▓)▓.▓)▓.▓'
▓i▓.▓.▓.▓)▓.▓)▓.▓.
▓.▓.▓†▓.▓.▓.▓.▓.▓.


You could see an ice dragon, 2 rakshasas, 2 spriggan berserkers, 2 spriggan air
magi and a black mamba shaped shifter.

Vanquished Creatures
  Frances (D)
  A shadow dragon (D)
  A frost giant (D)
  2 stone giants (D)
  Azrael (D)
  Snorg (D)
  2 fire dragons (D)
  An ogre mage (D)
  3 rakshasas (D)
  2 naga warriors (D)
  A spriggan air mage (D)
  2 hydras (D)
  An ice dragon (D)
  A centaur warrior (D)
  A two-headed ogre (D)
  An anaconda (D)
  3 alligators (D)
  Urug (D)
  Sonja (D)
  A naga ritualist (D)
  A glowing orange brain (shapeshifter) (D)
  2 sea snakes (D)
  A mana viper (D)
  10 orc knights (D)
  A wolf spider (D)
  A cyclops (D)
  A salamander (D)
  2 manticores (D)
  3 naga magi (D)
  A merfolk siren (D)
  2 black mambas (D)
  A water nymph (D)
  5 spiny frogs (D)
  Psyche (D)
  A komodo dragon (D)
  A yaktaur (D)
  2 demonic crawlers (D)
  2 jumping spiders (D)
  2 trolls (D)
  A tyrant leech (D)
  5 polar bears (D)
  A wind drake (D)
  A hornet (D)
  A snapping turtle (D)
  A hippogriff (D)
  A blink frog (D)
  A redback (D)
  A yak (D)
  A shadow (D)
  2 water elementals (D)
  2 tarantellas (D)
  4 fire elementals (D)
  A basilisk (D)
  2 wyverns (D)
  2 hell hounds (D)
  2 water moccasins (D)
  4 porcupines (D)
  2 swamp drakes (D)
  17 orc warriors (D)
  3 black bears (D)
  2 crocodiles (D)
  2 bullfrogs (D)
  A scorpion (D)
  2 crimson imps (D)
  A hound (D)
  2 orc priests (D)
  2 orc wizards (D)
  A worker ant (D)
  An adder (D)
  2 shadow imps (D)
  An adder skeleton (D)
  8 orcs (D)
  A giant cockroach (D)
  A hobgoblin (D)
  A bat (D)
  A frilled lizard (D)
  A giant cockroach zombie (D)
  2 goblins (D)
  2 quokka zombies (D)
157 creatures vanquished.

Notes
Turn   | Place    | Note
-------+----------+-------------------------------------------
     0 | D        | wilfster70 the Gargoyle Monk began the quest for the Orb.
     0 | D        | Reached XP level 1. HP: 14/14 MP: 1/1
    14 | D        | Reached skill level 1 in Armour
    85 | D        | Noticed a crimson imp
    85 | D        | Noticed a worker ant
    90 | D        | Reached skill level 4 in Fighting
    90 | D        | Reached XP level 2. HP: 20/20 MP: 2/2
   108 | D        | Reached skill level 5 in Maces & Flails
   108 | D        | Reached XP level 3. HP: 20/24 MP: 3/3
   113 | D        | Reached skill level 5 in Fighting
   113 | D        | Reached XP level 4. HP: 19/31 MP: 4/4
   220 | D        | Found a roughly hewn altar of Beogh.
   220 | D        | Found a snail-covered altar of Cheibriados.
   220 | D        | Found a shadowy altar of Dithmenos.
   220 | D        | Found a white marble altar of Elyvilon.
   220 | D        | Found a blossoming altar of Fedhas.
   220 | D        | Found an opulent altar of Gozag.
   221 | D        | Found a hazy altar of Hepliaklqana.
   222 | D        | Found a viscous altar of Jiyva.
   223 | D        | Found an ancient bone altar of Kikubaaqudgha.
   224 | D        | Found a corrupted altar of Lugonu.
   225 | D        | Found a burning altar of Makhleb.
   226 | D        | Found a sparkling altar of Nemelex Xobeh.
   227 | D        | Found an iron altar of Okawaru.
   228 | D        | Found a stormy altar of Qazlal.
   229 | D        | Found a sacrificial altar of Ru.
   230 | D        | Found a deep blue altar of Sif Muna.
   231 | D        | Found a bloodstained altar of Trog.
   232 | D        | Found a hide-covered altar of Uskayaw.
   233 | D        | Became a worshipper of Makhleb the Destroyer
   233 | D        | Reached * piety under Makhleb
   233 | D        | Reached ** piety under Makhleb
   234 | D        | Found a radiant altar of Vehumet.
   235 | D        | Found an ornate altar of the Wu Jian Council.
   236 | D        | Found a shimmering altar of Xom.
   237 | D        | Found a basalt altar of Yredelemnul.
   238 | D        | Found a glowing silver altar of Zin.
   239 | D        | Found a glowing golden altar of the Shining One.
   265 | D        | Noticed a water moccasin
   268 | D        | Reached XP level 5. HP: 29/36 MP: 5/5
   274 | D        | Reached skill level 6 in Fighting
   282 | D        | Killed a water moccasin
   282 | D        | Reached skill level 5 in Staves
   282 | D        | Reached skill level 5 in Armour
   282 | D        | Reached skill level 5 in Dodging
   282 | D        | Reached XP level 6. HP: 37/42 MP: 6/6
   285 | D        | Reached *** piety under Makhleb
   285 | D        | Reached skill level 7 in Fighting
   335 | D        | Noticed a cyclops
   335 | D        | Noticed a troll
   335 | D        | Noticed a troll
   352 | D        | Killed a cyclops
   352 | D        | Reached **** piety under Makhleb
   352 | D        | Reached skill level 8 in Fighting
   352 | D        | Reached XP level 7. HP: 38/50 MP: 7/7
   360 | D        | Killed a troll
   360 | D        | Reached skill level 9 in Fighting
   360 | D        | Reached XP level 8. HP: 47/56 MP: 8/8
   367 | D        | Killed a troll
   367 | D        | Reached skill level 10 in Staves
   487 | D        | Got the ring "Gym Wutism" {rF+ MP+9}
   549 | D        | Noticed a komodo dragon
   549 | D        | Noticed a spiny frog
   549 | D        | Noticed a hippogriff
   549 | D        | Noticed a blink frog
   555 | D        | Reached ***** piety under Makhleb
   558 | D        | Noticed a yak
   561 | D        | Noticed a wyvern
   563 | D        | Noticed a spiny frog
   570 | D        | Killed a komodo dragon
   585 | D        | Killed a spiny frog
   585 | D        | Reached skill level 10 in Fighting
   585 | D        | Reached XP level 9. HP: 34/62 MP: 9/9
   599 | D        | Reached skill level 10 in Armour
   617 | D        | Killed a spiny frog
   617 | D        | Reached skill level 11 in Fighting
   639 | D        | Noticed a spiny frog
   643 | D        | Noticed a black mamba
   645 | D        | Noticed a black mamba
   653 | D        | Reached ****** piety under Makhleb
   672 | D        | Killed a spiny frog
   672 | D        | Reached XP level 10. HP: 70/70 MP: 10/10
   685 | D        | Killed a black mamba
   701 | D        | Killed a black mamba
   701 | D        | Reached skill level 12 in Fighting
   858 | D        | Reached skill level 10 in Dodging
  1068 | D        | Noticed Urug
  1081 | D        | Killed Urug
  1081 | D        | Reached skill level 13 in Fighting
  1136 | D        | Noticed an orc knight
  1151 | D        | Killed an orc knight
  1151 | D        | Reached XP level 11. HP: 44/78 MP: 11/11
  1282 | D        | Noticed an orc knight
  1282 | D        | Noticed an orc knight
  1317 | D        | Killed an orc knight
  1335 | D        | Killed an orc knight
  1335 | D        | Reached skill level 14 in Fighting
  1561 | D        | Found Ruofextese's Weapon Emporium.
  1561 | D        | Noticed an orc knight
  1561 | D        | Noticed an orc knight
  1561 | D        | Noticed an orc knight
  1581 | D        | Killed an orc knight
  1584 | D        | Noticed an orc knight
  1587 | D        | Found Podibb's Book Shoppe.
  1611 | D        | Killed an orc knight
  1620 | D        | Noticed an orc knight
  1628 | D        | Killed an orc knight
  1636 | D        | Killed an orc knight
  1636 | D        | Reached skill level 15 in Fighting
  1642 | D        | Found Moddepnu's Antique Armour Emporium.
  1653 | D        | Killed an orc knight
  1653 | D        | Reached skill level 15 in Armour
  1656 | D        | Found Filles's Armour Shoppe.
  1677 | D        | Noticed an orc knight
  1679 | D        | Noticed an orc knight
  1687 | D        | Killed an orc knight
  1696 | D        | Killed an orc knight
  1725 | D        | Bought an embroidered scarf for 144 gold pieces
  1739 | D        | Bought a +1 pair of gloves of dexterity for 214 gold pieces
  1766 | D        | Bought a book of Flames for 385 gold pieces
  1787 | D        | Learned a level 3 spell: Conjure Flame
  1801 | D        | Noticed Psyche
  1812 | D        | Killed Psyche
  1812 | D        | Reached skill level 1 in Spellcasting
  1812 | D        | Reached skill level 1 in Conjurations
  1812 | D        | Reached skill level 1 in Fire Magic
  1961 | D        | Noticed a four-headed hydra
  1961 | D        | Noticed a manticore
  1970 | D        | Killed a four-headed hydra
  1970 | D        | Reached XP level 12. HP: 88/88 MP: 15/15
  1981 | D        | Noticed a two-headed ogre
  1984 | D        | Noticed an ogre mage
  1984 | D        | Reached skill level 16 in Fighting
  1989 | D        | Noticed a fire dragon
  1992 | D        | Noticed a stone giant
  1994 | D        | Noticed a rakshasa
  2006 | D        | Killed a two-headed ogre
  2010 | D        | Noticed a stone giant
  2013 | D        | Killed an ogre mage
  2013 | D        | Reached skill level 5 in Conjurations
  2029 | D        | Killed a fire dragon
  2029 | D        | Reached skill level 5 in Fire Magic
  2030 | D        | Noticed a frost giant
  2041 | D        | Killed a stone giant
  2041 | D        | Reached skill level 5 in Spellcasting
  2054 | D        | Killed a stone giant
  2069 | D        | Killed a frost giant
  2069 | D        | Reached skill level 17 in Fighting
  2088 | D        | Killed a rakshasa
  2127 | D        | Noticed Frances
  2159 | D        | Killed Frances
  2455 | D        | Noticed Azrael
  2469 | D        | Reached XP level 13. HP: 94/96 MP: 24/24
  2476 | D        | Killed Azrael
  2572 | D        | Reached skill level 10 in Conjurations
  2594 | D        | Reached skill level 18 in Fighting
  2663 | D        | Reached skill level 10 in Fire Magic
  2819 | D        | Reached skill level 10 in Spellcasting
  2842 | D        | Learned a level 4 spell: Sticky Flame
  2880 | D        | Reached skill level 19 in Fighting
  2946 | D        | Noticed Sonja
  2957 | D        | Killed Sonja
  3099 | D        | Noticed Snorg
  3117 | D        | Killed Snorg
  3270 | D        | Noticed a rakshasa
  3270 | D        | Noticed a rakshasa
  3270 | D        | Noticed a shadow dragon
  3280 | D        | Noticed a fire dragon
  3289 | D        | Noticed an ice dragon
  3308 | D        | Gained mutation: Your large and strong wings let you fly indefinitely. [Gargoyle growth]
  3308 | D        | Reached XP level 14. HP: 106/106 MP: 29/29
  3401 | D        | Killed a shadow dragon
  3460 | D        | HP: 5/107 [spriggan air mage/the air (18)]
  3460 | D        | HP: 1/107 [spriggan air mage (illusionary)/the air (4)]
  3461 | D        | Slain by an ice dragon (illusionary)

Skill      XL: |  1  2  3  4  5  6  7  8  9 10 11 12 13 14 |
---------------+-------------------------------------------+-----
Armour         | 1 3 4 5 7 8 9 11 13 15 | 15.3
Fighting       | 4 5 6 8 9 10 11 13 15 17 19 | 19.9
Maces & Flails | 4 5 6 |  6.0
Dodging        | 3 4 5 6 7 9 10 12 | 12.5
Staves         | 2 5 9 11 13 | 13.7
Spellcasting   | 2 7 11 12 | 12.1
Conjurations   | 2 9 13 14 | 14.0
Fire Magic     | 2 8 12 13 | 13.0
Stealth        | |  2.1

Action                   |  1- 3 |  4- 6 |  7- 9 | 10-12 | 13-15 || total
-------------------------+-------+-------+-------+-------+-------++-------
Melee: Mace              |    42 |       |       |       |       ||    42
       Quarterstaff      |       |    37 |   112 |   562 |   466 ||  1177
 Cast: Conjure Flame     |       |       |       |       |     1 ||     1
       Sticky Flame      |       |       |       |       |     2 ||     2
  Use: Potion            |     1 |       |       |     2 |     1 ||     4
       Scroll            |       |       |     4 |     4 |       ||     8
 Stab: Confused          |       |       |       |       |     1 ||     1
  Eat: Chunk             |       |       |       |     5 |     3 ||     8
Armor: Robe              |    20 |     3 |       |       |       ||    23
       Plate armour      |       |     1 |    48 |   149 |   238 ||   436
Dodge: Dodged            |    30 |    10 |    36 |   109 |   145 ||   330
